 Dungeon Crawl Stone Soup version 0.17.1-3-g152610e (webtiles) character file.

113 GFox the Shield-Bearer (level 4, -3/41 HPs)
             Began as a Minotaur Fighter on Mar 26, 2016.
             Killed from afar by Natasha (8 damage)
             ... with a magic dart
             ... on level 2 of the Dungeon.
             The game lasted 00:10:34 (876 turns).

GFox the Shield-Bearer (Minotaur Fighter)            Turns: 876, Time: 00:10:35

Health: -3/41      AC:  0    Str: 17    XL:     4   Next: 65%
Magic:  3/3        EV: 18    Int:  5    God:
Gold:   76         SH:  0    Dex: 16    Spells: 0 memorised, 3 levels left

rFire  . . .     SeeInvis .     (weapon currently unavailable)
rCold  . . .     Clarity  .     (armour currently unavailable)
rNeg   . . .     SustAt   .     (shield currently unavailable)
rPois  .         Gourm    .     (helmet currently unavailable)
rElec  .         Spirit   .     (cloak currently unavailable)
rCorr  .         Warding  .     (gloves currently unavailable)
rMut   .         Stasis   .     (boots currently unavailable)
MR     .....                    (no amulet)
Stlth  +.........               (ring currently unavailable)
                                (ring currently unavailable)

@: bat-form (expiring), flying, very quick, not resistant to hostile
enchantments, very unstealthy
A: (retaliatory headbutt), (horns 0), agile 1
a: no special abilities


You were on level 2 of the Dungeon.
You were not hungry.
You were in bat-form.
You visited 1 branch of the dungeon, and saw 2 of its levels.

You collected 76 gold pieces.

Inventory:

Hand Weapons
 a - a +0 war axe (melded)
Armour
 b - a +0 scale mail (melded)
 c - a +0 shield (melded)
 f - a +1 cloak (melded)
Jewellery
 k - a +2 ring of intelligence {unknown}
Scrolls
 g - 4 scrolls of teleportation
 j - 3 scrolls of remove curse {unknown}
Potions
 d - a potion of might
Comestibles
 e - a bread ration
 h - 5 chunks of flesh
 i - a meat ration
 l - a royal jelly


   Skills:
 + Level 4.6 Fighting
 + Level 3.1 Axes
 + Level 4.5 Armour
 + Level 0.9 Dodging
 + Level 4.6 Shields


You had 3 spell levels left.
You didn't know any spells.

Dungeon Overview and Level Annotations

Branches:
Dungeon (2/15)

Altars:

Annotations:
D:2 Natasha


Innate Abilities, Weirdness & Mutations

((You reflexively headbutt those who attack you in melee.))
((You have a pair of horns on your head.))
You are agile. (Dex +2)


Message History

Natasha misses you.
You hit Natasha but do no damage.
Natasha is severely wounded.
You hit Natasha but do no damage.
Natasha is severely wounded.
Natasha claws you.
* * * LOW HITPOINT WARNING * * *
The iron imp misses you.
You hit Natasha but do no damage.
Natasha is severely wounded.
Natasha mumbles some strange words.
You barely miss Natasha.
Natasha is severely wounded.
The iron imp misses you.
You hit Natasha but do no damage.
Natasha is severely wounded.
Your transformation is almost over.
Natasha casts a spell at you. The magic dart hits you!
You die...

*,**,****#.####...#####.###..#.##
,,**,* #.##...(...###.# #..#.##
,,,,,* #..............# #..#.##
****** ####...)...##### #..#.## *
###...###* #..#... *
#...#*,*****#..#### ***
##.##,,,,,,,...# #
,,*************#.#**,*******,* #
,,<,,,,,,,,,,*,#b# *,* *,* ##
,,**********,,#5h#**,*******,* #.
*,* *,*##5.,,,,,,,,,,,* #. #.#
*,,*.###*,*******,* #. ..# *,*,#*
*,* *,* #. ..# *,*,* *,* #.###.
..# *,,,* *,* #..... ..# *****
*,* #####. ..# *******,* #.


You could see an iron imp, Natasha and a white imp.

Vanquished Creatures
  Terence (D:2)
  Natasha (twice) (D:2)
  3 adders (D:2)
  A giant gecko (D:1)
  A giant cockroach (D:1)
  5 hobgoblins
  2 jackals (D:2)
  A ball python (D:1)
  2 bats
  A giant newt (D:1)
  4 goblins
  4 kobolds
  3 rats (D:1)
30 creatures vanquished.

Notes
Turn   | Place    | Note
--------------------------------------------------------------
     0 | D:1      | GFox the Minotaur Fighter began the quest for the Orb.
     0 | D:1      | Reached XP level 1. HP: 19/19 MP: 0/0
   237 | D:1      | Reached skill level 4 in Armour
   237 | D:1      | Reached XP level 2. HP: 27/27 MP: 1/1
   477 | D:2      | Reached XP level 3. HP: 31/33 MP: 2/2
   592 | D:2      | Gained mutation: You are dopey. (Int -2) [potion of mutation]
   592 | D:2      | Lost mutation: You are dopey. (Int -2) [potion of mutation]
   592 | D:2      | Gained mutation: You are agile. (Dex +2) [potion of mutation]
   641 | D:2      | Noticed Terence
   651 | D:2      | Killed Terence
   706 | D:2      | Noticed Natasha
   717 | D:2      | Killed Natasha
   717 | D:2      | Reached XP level 4. HP: 33/41 MP: 3/3
   751 | D:2      | Noticed Natasha
   769 | D:2      | Killed Natasha
   829 | D:2      | Noticed Natasha
   876 | D:2      | Killed from afar by Natasha

Action                   |  1- 3 |  4- 6 || total
-------------------------+-------+-------++-------
Melee: War axe           |    51 |    15 ||    66
       Unarmed           |     6 |    48 ||    54
  Use: Scroll            |     3 |       ||     3
       Potion            |     2 |       ||     2
